Match 46978300
Unlisted

Match 46978300
End
Pioneer Squad
Construct Infanterie Kompanie
Selects Italian Coastal Battlegroup
Selects Italian Coastal Battlegroup
Selects Coastal Reserves
Coastal Reserve
GrW 34 Mortar Team
Coastal Reserve
Coastal Reserve
Construct Panzergrenadier Kompanie
Medical Bunker
Pak 40 Anti-tank Gun Team
Selects Artillery Officer
Construct Panzer Kompanie
Artillery Officer
Panzer IV Medium Tank
Selects Support Bunkers
Selects Rapid Fortifications
Selects Call the Reserves!
Call the Reserves!
Dr. Jekyll
PutPut-AusarTheVile
Angrybirds
Stormless
0
0

Comments sign in to comment!

No comments posted yet!